Map: King's Cove LE

Players

Serral - Winner!

  • Race: Zerg Zerg
  • League: Master
  • Spawn Location: 11:00

ShoWTimE

  • Race: Protoss Protoss
  • League: Grandmaster
  • Spawn Location: 5:00

Event: 2019 WCS Winter Europe

VOD

Have the link to the VOD?

Description

Time

  • Played on: March 23, 2019, 11:47 a.m.
  • Length: 10:46

All games in this series

Show
View Real Time Build Order
Export as new Build Order

Serral Zerg - Winner!

Build Orders: Hatch First 

Get SALT Encoding   

  12  0:00  Drone  
  13  0:12  Overlord  
  13  0:18  Drone  
  14  0:31  Drone x2  
  16  0:49  Hatchery  
  15  0:52  Drone  
  15  0:56  Drone  
  17  0:59  Drone  
  18  1:10  Extractor  
  17  1:15  Spawning Pool  
  17  1:18  Drone  
  17  1:21  Drone  
  18  1:29  Drone  
  19  1:40  Drone  
  20  1:53  Overlord  
  20  2:01  Queen x2  
  20  2:02  Zergling x2  
  20  2:04  Zergling x2  
  26  2:11  Metabolic Boost  
  26  2:14  Drone  
  27  2:17  Drone  
  28  2:23  Drone x2  
  30  2:41  Hatchery  
  29  2:46  Overlord  
  29  2:51  Queen  
  29  2:53  Drone  
  29  2:57  Zergling x2  
  33  3:01  Zergling x2  
  33  3:03  Drone  
  33  3:05  Drone  
  36  3:08  Overlord  
  36  3:11  Drone  
  37  3:13  Drone  
  37  3:15  Drone  
  37  3:17  Drone  
  41  3:20  Drone  
  41  3:22  Drone  
  41  3:24  Drone  
  43  3:27  Drone  
  43  3:31  Overlord  
  44  3:35  Overlord  
  44  3:40  Queen  
  46  3:53  Drone x6  
  52  3:56  Queen  
  52  4:00  Spore Crawler  
  52  4:02  Spore Crawler  
  52  4:07  Drone  
  52  4:08  Spore Crawler  
  52  4:09  Drone  
  53  4:12  Drone x2  
  53  4:16  Drone x2  
  57  4:21  Lair  
  57  4:26  Roach Warren  
  57  4:29  Drone  
  57  4:30  Drone  
  58  4:35  Spore Crawler  
  58  4:39  Overlord  
  58  4:40  Extractor x2, Drone x2  
  58  4:41  Drone  
  58  4:43  Zergling x4  
  60  4:46  Overlord  
  60  4:50  Overlord  
  60  4:56  Zergling x6  
  63  5:00  Drone x4  
  67  5:07  Overlord  
  67  5:09  Roach x4  
  75  5:19  Glial Reconstitution  
  75  5:21  Drone  
  76  5:23  Overlord  
  76  5:24  Overlord  
  76  5:27  Drone  
  77  5:29  Drone x2  
  77  5:30  Drone  
  77  5:32  Overlord  
  77  5:34  Queen  
  79  5:36  Queen  
  83  5:47  Roach x3  
  88  5:51  Roach x2  
  88  5:56  Drone x2  
  91  5:58  Roach  
  91  6:01  Roach  
  91  6:02  Roach  
  96  6:07  Roach x2  
  96  6:10  Roach x4  
  106  6:16  Overlord x2  
  106  6:21  Roach x3  
  112  6:29  Roach  
  112  6:38  Zergling x6  
  107  6:42  Ravager x2  
  107  6:43  Ravager x2  
  107  6:44  Zergling x10  
  111  6:51  Roach x2  
  115  6:55  Zergling x12  
  117  7:04  Ravager  
  112  7:09  Zergling x6  
  112  7:15  Roach x4  
  113  7:16  Queen  
  107  7:23  Roach  
  107  7:24  Roach x2  
  107  7:29  Zergling x6  
  104  7:40  Drone x6  
  104  7:42  Spore Crawler  
  104  7:44  Spore Crawler  
  106  7:46  Spore Crawler  
  106  7:49  Ravager x3  
  106  7:51  Drone  
  109  7:53  Drone  
  109  7:56  Drone x2  
  113  7:58  Drone  
  113  8:00  Ravager  
  113  8:04  Drone x2  
  113  8:08  Drone x4  
  113  8:11  Overlord  
  117  8:17  Overlord  
  108  8:28  Drone x6  
  108  8:31  Drone x4  
  115  8:35  Drone x5  
  108  8:43  Roach x2  
  102  8:51  Roach  
  102  8:53  Roach  
  96  8:56  Roach  
  96  8:57  Roach  
  96  9:01  Queen x2  
  96  9:02  Queen  
  98  9:04  Roach  
  98  9:05  Roach  
  98  9:07  Extractor  
  98  9:08  Hydralisk Den  
  93  9:12  Evolution Chamber  
  93  9:13  Extractor  
  93  9:14  Extractor  
  93  9:17  Drone x3  
  93  9:19  Hatchery  
  92  9:36  Roach x11  
  116  9:43  Zergling x8  
  118  9:48  Ravager  
  118  9:50  Overlord  
  118  9:51  Zergling x4  
  118  9:52  Ravager  
  122  9:55  Roach  
  122  9:57  Ravager x2  
  122  9:59  Queen  
  126  10:00  Queen  
  126  10:05  Overlord  
  126  10:07  Overlord, Queen  
  128  10:11  Roach x4  
  124  10:19  Roach x5  
  122  10:24  Roach x2  
Show
View Real Time Build Order
Export as new Build Order

ShoWTimE Protoss 

Build Orders: 1 Gate Expand, Oracle Opening, Phoenix Opening, Mass Phoenix 

Get SALT Encoding   

  12  0:00  Probe  
  13  0:12  Probe  
  14  0:18  Pylon  
  14  0:24  Probe  
  15  0:32  Probe  
  15  0:40  Gateway  
  15  0:41  Probe  
  16  0:47  Assimilator  
  17  0:51  Probe  
  18  1:03  Probe  
  19  1:15  Probe  
  20  1:26  Nexus  
  20  1:36  Cybernetics Core  
  20  1:39  Probe  
  21  1:45  Assimilator  
  21  1:51  Probe  
  22  1:55  Pylon  
  22  2:03  Probe, Adept  
  23  2:15  Probe  
  26  2:19  Stargate  
  26  2:24  Adept  
  26  2:27  Warp Gate, Probe  
  27  2:34  Probe  
  29  2:39  Probe  
  29  2:42  Probe  
  32  2:51  Probe  
  32  2:52  Probe  
  32  2:53  Adept  
  32  2:57  Phoenix  
  36  3:04  Probe  
  39  3:08  Probe  
  40  3:15  Pylon  
  40  3:16  Probe  
  40  3:19  Oracle  
  41  3:20  Probe  
  45  3:28  Assimilator, Probe  
  45  3:33  Probe  
  47  3:35  Assimilator  
  47  3:39  Gateway  
  47  3:42  Probe x2  
  49  3:48  Pylon  
  49  3:50  Probe  
  49  3:54  Probe  
  51  3:58  Stargate  
  51  4:02  Probe  
  51  4:06  Probe, Pylon  
  53  4:14  Probe  
  53  4:16  Adept  
  56  4:18  Probe  
  56  4:20  Phoenix  
  59  4:26  Probe  
  60  4:34  Phoenix  
  60  4:36  Phoenix  
  60  4:38  Adept  
  66  4:50  Pylon  
  66  4:53  Pylon  
  66  4:56  Phoenix  
  68  5:03  Phoenix  
  70  5:10  Zealot  
  70  5:12  Zealot  
  74  5:15  Nexus  
  74  5:21  Phoenix  
  76  5:28  Phoenix  
  78  5:35  Sentry  
  78  5:36  Sentry  
  78  5:41  Robotics Facility  
  82  5:44  Pylon, Robotics Facility  
  82  5:48  Shield Battery  
  82  5:59  Zealot x2  
  86  6:04  Pylon  
  86  6:09  Gateway  
  86  6:10  Gateway  
  86  6:19  Immortal, Gateway  
  86  6:20  Gateway  
  86  6:22  Sentry x2  
  90  6:31  Immortal  
  98  6:47  Stalker x2  
  102  6:50  Immortal  
  102  6:53  Shield Battery  
  96  7:07  Stalker x2  
  98  7:13  Stalker  
  88  7:17  Zealot x2  
  88  7:22  Zealot  
  82  7:28  Immortal  
  74  7:34  Sentry x2  
  68  7:37  Immortal  
  68  7:39  Sentry x2  
  79  8:00  Immortal  
  79  8:11  Stalker  
  85  8:15  Pylon  
  85  8:20  Cybernetics Core  
  85  8:26  Immortal  
  83  8:44  Zealot x2  
  79  8:54  Zealot x2  
  75  9:01  Warp Prism  
  73  9:09  Sentry  
  74  9:10  Sentry  
  74  9:11  Immortal  
  76  9:20  Gateway  
  76  9:21  Sentry, Gateway  
  76  9:22  Sentry  
  76  9:23  Pylon  
  84  9:28  Pylon  
  84  9:30  Pylon  
  84  9:33  Adept  
  86  9:52  Stalker x3  
  92  9:55  Stalker  
  80  10:14  Sentry  
  80  10:15  Zealot x2, Sentry  
  74  10:34  Adept x2  
Tags
 
Add a new tag
Caveats
  • Supply blocks, unpowered buildings, or Contaminate may cause inaccurate times.
  • Supply counts are checked every 10 seconds.